 Dungeon Crawl Stone Soup version 0.20-a0-957-g47ad1fd (webtiles) character file.

84 Njoerkh the Changer (level 4, -10/22 HPs)
             Began as a Vine Stalker Transmuter on Apr 1, 2017.
             Splashed by Ijyb's acid (15 damage)
             ... on level 3 of the Dungeon on Apr 5, 2017.
             The game lasted 00:19:39 (3510 turns).

Njoerkh the Changer (Vine Stalker Transmuter)       Turns: 3510, Time: 00:20:03

Health: -10/22     AC:  2    Str: 12 (13) XL:     4   Next: 45%
Magic:  0/7        EV: 19    Int: 12 (14) God:
Gold:   133        SH:  0    Dex: 16 (19) Spells: 1/7 levels left

rFire    . . .     SeeInvis +     - Unarmed
rCold    . . .     Gourm    .   (shield currently unavailable)
rNeg     . . .     Faith    .   (armour currently unavailable)
rPois    x         Spirit   +   (helmet currently unavailable)
rElec    .         Reflect  .   (cloak currently unavailable)
rCorr    .         Harm     .   (gloves currently unavailable)
MR       .....                  (boots currently unavailable)
Stlth    +.........             (no amulet)
Regen    0.5/turn               (no ring)
MPRegen  0.1/turn               (no ring)

@: spider-form
A: (fangs 0), see invisible, low mp 1, (poison resistance), regeneration 1,
magic shield, (antimagic bite), no potion heal 3, rot immunity
a: End Transformation


You were on level 3 of the Dungeon.
You were not hungry.
You were a venomous arachnid creature.
You visited 1 branch of the dungeon, and saw 4 of its levels.

You collected 133 gold pieces.

Inventory:

Hand Weapons
 a - a +2 short sword of speed
 s - a +0 dagger of draining
Missiles
 f - 23 poisoned needles
 q - 72 stones (quivered)
 u - 26 arrows
Armour
 b - a +1 robe (melded)
 l - a +0 troll leather armour
Jewellery
 g - an uncursed amulet of regeneration {unknown}
Scrolls
 e - a scroll of fog
 j - 3 scrolls of enchant armour
 k - 2 scrolls of teleportation
 m - a scroll of fear
 o - a scroll of random uselessness {unknown}
Potions
 i - 2 potions of mutation
 n - a potion of haste
Books
 c - a book of Changes

   Spells                             Type                      Level
   a - Beastly Appendage              Transmutation                1
   b - Sticks to Snakes               Transmutation                2
   c - Spider Form                    Transmutation/Poison         3
   d - Ice Form                       Ice/Transmutation            4
   e - Blade Hands                    Transmutation                5
Comestibles
 d - a bread ration
 h - 2 meat rations
 p - a chunk of flesh


   Skills:
 - Level 1.1 Fighting
 - Level 1.5 Dodging
 - Level 3.3 Unarmed Combat
 - Level 2.1 Spellcasting
 + Level 3.6 Transmutations
 + Level 1.8 Poison Magic


You had one spell level left.
You knew the following spells:

 Your Spells              Type           Power        Failure   Level  Hunger
a - Beastly Appendage     Tmut           #.....       21%         1    ##.....
b - Sticks to Snakes      Tmut           #.......     28%         2    ###....
c - Spider Form           Tmut/Pois      #.........   52%         3    ####...


Dungeon Overview and Level Annotations

Branches:
Dungeon (4/15)
 Temple: D:4-7

Altars:
The Shining One

Annotations:
D:3 1 exclusion, Ijyb, Sigmund
D:4 Pikel


Innate Abilities, Weirdness & Mutations

((You have razor-sharp teeth.))
Your natural rate of healing is unusually fast.
When hurt, damage is shared between your health and your magic reserves.
((Your bite disrupts and absorbs the magic of your enemies.))
Potions cannot restore your health.
You are immune to rotting.
You have supernaturally acute eyesight. (SInv)
Your magical capacity is low. (-10% MP)
((Your system is resistant to poisons. (rPois)))


Message History

The ooze quivers.
You hear a shout! x2
A hobgoblin and a kobold come into view.
You hit Ijyb but do no damage. Ijyb closely misses you.
Ijyb zaps a wand.
The bolt of acid misses you.
It is a wand of acid (?/15).
Casting: Beastly Appendage
Confirm with . or Enter, or press ? or * to list all spells.
You turn into a venomous arachnid creature.
Your +1 robe melds into your body.
Ijyb completely misses you.
You hit Ijyb.
Ijyb is lightly wounded.
Ijyb misses you.
You completely miss Ijyb.
Ijyb is lightly wounded.
Ijyb zaps a wand.
The bolt of acid hits you!
Ouch! That really hurt!
* * * LOW HITPOINT WARNING * * *
You are splashed with acid!
The acid burns!
Ouch! That really hurt!
You die...

.....>..........# $...
.....)..........# ..@.
................# ...
................# .# ?.
................# .# .
................## .#
..............#..###.#####
(............###.#.......#
............## #s#.....g..
............# #g#........
#########...# #J.....K...
##### ##........#
...##.##### ...... .#
......#.# # ...... .# #
...... .. .


You could see Ijyb and an ooze.

Vanquished Creatures
  A worker ant (D:4)
  An adder (D:2)
  2 worms (D:2)
  A dart slug (D:2)
  A leopard gecko (D:1)
  An orc (D:3)
  A giant cockroach (D:1)
  2 goblins (D:2)
  8 hobgoblins
  4 jackals (D:2)
  A quokka (D:4)
  6 bats
  5 frilled lizards
  9 kobolds
  2 rats (D:1)
45 creatures vanquished.

Vanquished Creatures (others)
  4 toadstools (D:1)
4 creatures vanquished.

Grand Total: 49 creatures vanquished

Notes
Turn   | Place    | Note
-------+----------+-------------------------------------------
     0 | D:1      | Njoerkh the Vine Stalker Transmuter began the quest for the Orb.
     0 | D:1      | Reached XP level 1. HP: 9/9 MP: 4/4
   121 | D:1      | Upgraded the game from 0.20-a0-942-ga5226df to 0.20-a0-949-g916514f
   142 | D:1      | Reached skill level 1 in Fighting
   442 | D:1      | Reached XP level 2. HP: 7/14 MP: 4/6
   611 | D:1      | Learned a level 2 spell: Sticks to Snakes
  1581 | D:2      | Reached XP level 3. HP: 18/18 MP: 7/7
  1586 | D:2      | Learned a level 3 spell: Spider Form
  1759 | D:2      | Found a glowing golden altar of the Shining One.
  2546 | D:2      | Reached skill level 1 in Poison Magic
  3084 | D:2      | Gained mutation: You have supernaturally acute eyesight. (SInv) [potion of mutation]
  3084 | D:2      | Gained mutation: Your system is resistant to poisons. (rPois) [potion of mutation]
  3084 | D:2      | Gained mutation: Your magical capacity is low. (-10% MP) [potion of mutation]
  3084 | D:2      | Gained mutation: You have razor-sharp teeth. [potion of mutation]
  3266 | D:3      | Noticed Sigmund
  3279 | D:4      | Gained mutation: Your natural rate of healing is unusually fast. [Vine Stalker growth]
  3279 | D:4      | Reached XP level 4. HP: 19/22 MP: 5/7
  3379 | D:4      | Upgraded the game from 0.20-a0-949-g916514f to 0.20-a0-957-g47ad1fd
  3400 | D:4      | Noticed a slave
  3401 | D:4      | Noticed Pikel
  3401 | D:4      | Noticed a slave
  3502 | D:3      | Noticed Ijyb
  3510 | D:3      | Splashed by Ijyb's acid

Vault maps used:
D:1:      ldierk_water_garden
D:2:      overflow_temple_1_default
D:3:      uniq_sigmund, uniq_iyjb
D:4:      uniq_pikel, uniq_robin

Skill      XL: |  1  2  3 |
---------------+----------+-----
Fighting       | 1 |  1.1
Transmutations | 3 |  3.6
Poison Magic   | 1 |  1.8
Dodging        | |  1.5
Unarmed Combat | |  3.3
Spellcasting   | |  2.1

Action                   |  1- 3 |  4- 6 || total
-------------------------+-------+-------++-------
Melee: Unarmed           |   141 |    14 ||   155
       Bite              |    30 |     4 ||    34
       Kick              |    13 |       ||    13
       Headbutt          |     7 |       ||     7
       Punch             |     3 |       ||     3
Throw: Stone             |    28 |     8 ||    36
 Cast: Beastly Appendage |    28 |     2 ||    30
       Spider Form       |     1 |     2 ||     3
       Sticks to Snakes  |     1 |       ||     1
 Abil: End Transformatio |     1 |     1 ||     2
  Use: Scroll            |     6 |       ||     6
       Potion            |     4 |       ||     4
 Stab: Sleeping          |     1 |       ||     1
  Eat: Chunk             |     7 |     2 ||     9
Armor: Robe              |    18 |     2 ||    20
Dodge: Dodged            |    59 |    12 ||    71
